 Dungeon Crawl Stone Soup version 0.29-a0-451-gfbfa42419e (webtiles) character file.

Game seed: 5870403712845198960

522 snarfax the Cleaver (level 7, 0/57 HPs)
             Began as a Hill Orc Monk on May 18, 2022.
             Was a Believer of Beogh.
             Succumbed to a scorpion's poison
             ... on level 4 of the Dungeon on May 19, 2022.
             The game lasted 00:16:33 (6435 turns).

snarfax the Cleaver (Hill Orc Monk)                 Turns: 6435, Time: 00:16:34

Health: 0/57       AC:  5    Str: 22    XL:     7   Next: 22%
Magic:  7/7        EV: 12    Int: 10    God:    Beogh [**....]
Gold:   160        SH:  0    Dex: 13    Spells: 6/6 levels left

rFire   + . .      SeeInvis +   a - +0 hand axe
rCold   + + .      Faith    .   (no shield)
rNeg    . . .      Spirit   .   h - +2 leather armour {rC+}
rPois   +          Reflect  .   (no helmet)
rElec   +          Harm     .   (no cloak)
rCorr   +          Rampage  .   (no gloves)
Will    .....                   (no boots)
Stlth   ++........              (no amulet)
HPRegen 0.19/turn               f - ring of see invisible
MPRegen 0.10/turn               n - +6 ring of strength

@: lethally poisoned (0 -> -12), resistant
A: no striking features
a: Renounce Religion, Smiting


You were on level 4 of the Dungeon.
You worshipped Beogh.
Beogh was pleased with you.
You visited 1 branch of the dungeon, and saw 5 of its levels.

You collected 160 gold pieces.

Inventory:

Hand Weapons
 a - a +0 hand axe (weapon)
 g - a +0 dagger
Missiles
 k - 2 throwing nets
 o - 2 boomerangs (quivered)
 p - 7 poisoned darts
Armour
 b - a +0 robe
 h - a +2 leather armour of cold resistance (worn)
 j - a +0 ring mail
Jewellery
 f - a ring of see invisible (left hand)
 n - a +6 ring of strength (right hand)
Scrolls
 l - a scroll of enchant armour
 m - 2 scrolls of vulnerability
Potions
 c - 2 potions of ambrosia
 i - a potion of attraction


   Skills:
 - Level 3.6 Fighting
 + Level 10.5 Axes
 - Level 2.4 Dodging
 - Level 1.5 Stealth


You had 6 spell levels left.
You didn't know any spells.
Your spell library contained the following spells:

 Spells                   Type           Power      Damage    Failure   Level
 Inner Flame              Hex/Fire       0%         N/A       78%         3
 Cause Fear               Hex            0%         N/A       99%         4
 Discord                  Hex            0%         N/A       100%        8


Dungeon Overview and Level Annotations

Branches:
Dungeon (5/15)
 Temple: D:4-7

Altars:
Makhleb
Trog
Vehumet
Zin

Shops:
D:2 [   D:3 ((   D:4 [*

Annotations:
D:4 Pikel


Message History

You punch the white imp, but do no damage.
The white imp is lightly wounded.
You hit the scorpion but do no damage. The scorpion stings you.
You are poisoned.
The scorpion poisons you!
You completely miss the white imp.
The white imp is lightly wounded.
You hit the scorpion.
You feel very sick. The white imp barely misses you. The scorpion stings you.
Pikel shouts!
You hit the white imp but do no damage.
The white imp is lightly wounded.
You hit the scorpion.
You feel sick. The scorpion misses you. The white imp gestures at you.
The puff of frost hits you. You resist.
As you read the scroll of teleportation, it crumbles to dust.
You feel strangely unstable.
You feel sick.
The scorpion stings you but does no damage.
The white imp barely misses you.
As you read the scroll of identify, it crumbles to dust.
d - a potion of cancellation You feel sick.
The scorpion barely misses you. The white imp misses you.
You feel strangely stable.
You feel magically purged.
You feel sick. The scorpion closely misses you.
The white imp hits you but does no damage.
The scorpion closely misses you.
You feel sick. The white imp barely misses you.
You feel sick. The white imp barely misses you.
The scorpion attacks as you move away! The scorpion stings you.
* * * LOW HITPOINT WARNING * * *
You are lethally poisoned!
The scorpion poisons you!
* * * LOW HITPOINT WARNING * * *
You feel very sick. The white imp gestures at you.
The puff of frost misses you.
It was a potion of resistance.
You feel protected.
You die...

#..###♣♣♣♣≈♣#..#####
#..# #..........
#..# #.##..#.###
#..# ###.##..#.#
#..# #.........#
#..# #.#.##..###
#.K#####.#.##..# ###
#.5......#.##..###..
##s@................
#########.........#
###########


You could see Pikel, a scorpion and a white imp.

Vanquished Creatures
  A water moccasin (D:5)
  3 lemures (D:4)
  A scorpion (D:3)
  2 hounds (D:4)
  2 jellies (D:4)
  4 iguanas
  3 gnolls (D:3)
  4 adders
  An ufetubus (D:4)
  2 worms
  3 ball pythons
  5 endoplasms
  2 giant cockroaches
  6 goblins
  4 hobgoblins
  6 quokkas
  8 bats
  3 frilled lizards
  9 kobolds
  7 rats
76 creatures vanquished.

Vanquished Creatures (others)
  An orc priest (D:4)
  2 orcs (D:4)
  A giant cockroach (D:4)
  58 plants (D:4)
62 creatures vanquished.

Grand Total: 138 creatures vanquished

Notes
Turn   | Place    | Note
-------+----------+-------------------------------------------
     0 | D:1      | snarfax the Hill Orc Monk began the quest for the Orb.
     0 | D:1      | Reached XP level 1. HP: 19/19 MP: 1/1
   308 | D:1      | Reached XP level 2. HP: 26/26 MP: 2/2
   333 | D:1      | Reached skill level 5 in Axes
   510 | D:1      | Found a faded altar of an unknown god.
  1105 | D:1      | Reached XP level 3. HP: 31/31 MP: 3/3
  1118 | D:1      | Upgraded the game from 0.29-a0-422-gafbd6decc1 to
                  | 0.29-a0-451-gfbfa42419e
  1764 | D:2      | Reached skill level 6 in Axes
  2024 | D:2      | Found Nuucod's Antique Armour Emporium.
  2436 | D:3      | Reached XP level 4. HP: 20/39 MP: 4/4
  3005 | D:3      | Found Ycsao's Weapon Shoppe.
  3226 | D:4      | Found a glowing silver altar of Zin.
  3227 | D:4      | Became a worshipper of Beogh the Brigand
  3227 | D:4      | Reached * piety under Beogh
  3227 | D:4      | Reached ** piety under Beogh
  3294 | D:4      | Noticed an ogre
  3294 | D:4      | Noticed a scorpion
  3488 | D:3      | Reached skill level 7 in Axes
  3531 | D:3      | Found a radiant altar of Vehumet.
  3992 | D:3      | Found Keohexuy's Weapon Boutique.
  4056 | D:3      | Found a burning altar of Makhleb.
  4056 | D:3      | Noticed a cacodemon
  4120 | D:3      | Killed a scorpion
  4121 | D:3      | Reached skill level 8 in Axes
  4121 | D:3      | Reached XP level 5. HP: 2/45 MP: 1/5
  4697 | D:4      | Reached XP level 6. HP: 38/51 MP: 6/6
  5098 | D:4      | Reached skill level 9 in Axes
  5516 | D:4      | Noticed Pikel
  5891 | D:4      | Found Widd's Antique Armour Shop.
  5894 | D:4      | Found Ujoug's Lightly-Used Armoury.
  6358 | D:5      | Entered Level 5 of the Dungeon
  6391 | D:5      | Found a bloodstained altar of Trog.
  6394 | D:5      | Noticed a water moccasin
  6411 | D:5      | Killed a water moccasin
  6412 | D:5      | Reached skill level 10 in Axes
  6412 | D:5      | Reached XP level 7. HP: 38/57 MP: 7/7
  6435 | D:4      | Succumbed to a scorpion's poison

Illustrated notes

Levels and vault maps discovered:
D:1:      giann_horns, layout_basic, shapermc_ecumenical_altar_mp_highgroup
D:2:      layout_loops_corners, serial_shops, nicolae_shop_behind_doors
D:3:      layout_loops_ring, makhleb_altar_promises_db, old_standard_altar,
          serial_shops, shop, nicolae_square_shop
D:4:      layout_loops_ring, mainiacjoe_overflow_cross_hatched, serial_shops,
          shop_fountains, serial_bayou, serial_bayou_ford_a,
          serial_bayou_lagoon_b, serial_bayou_lake_a, serial_bayou_pond_e,
          minmay_shop_damaged, uniq_pikel
D:5:      layout_rooms, nicolae_qazlal_scattered_showers,
          overflow_temple_1_default, minmay_temple_entry_from_below_a,
          gup_sewer_entry_pipe, uniq_edmund

Skill      XL: |  1  2  3  4  5  6 |
---------------+-------------------+-----
Axes           | 5 6 8 10 | 10.5
Fighting       | |  3.6
Dodging        | |  2.4
Stealth        | |  1.5

Action                   |  1- 3 |  4- 6 |  7- 9 || total
-------------------------+-------+-------+-------++-------
Melee: Hand axe          |   159 |   251 |     4 ||   414
       Punch             |       |     1 |     1 ||     2
Throw: Throwing net      |     2 |       |       ||     2
       Boomerang         |       |    12 |       ||    12
Invok: Smiting           |       |     1 |       ||     1
       Convert to Beogh  |       |     1 |       ||     1
  Use: Scroll            |     3 |     9 |     2 ||    14
       Potion            |       |     4 |     2 ||     6
Armor: Robe              |    20 |       |       ||    20
       Ring mail         |    16 |    30 |       ||    46
       Leather armour    |       |    17 |     3 ||    20
Dodge: Dodged            |   109 |   126 |    13 ||   248

Table legend: (Time is in decaauts)
 A = Elapsed time spent in this place.
 B = Non-inter-level travel time spent in this place.
 C = Inter-level travel time spent in this place.
 D = Time resting spent in this place.
 E = Time spent auto-exploring this place.
 F = Levels seen in this place.
 G = Mean time per level.
                   A        B        C        D        E       F      G
               +--------+--------+--------+--------+--------+-----+--------+
         Total |   6480 |   6354 |    126 |   1897 |   3072 |   5 | 1296.0 |
       Dungeon |   6480 |   6354 |    126 |   1897 |   3072 |   5 | 1296.0 |
               +--------+--------+--------+--------+--------+-----+--------+

Top non-repeatable levels by time:
     D:4: 2048 daAuts
     D:3: 1767 daAuts
     D:2: 1431 daAuts
     D:1: 1170 daAuts
     D:5: 61 daAuts
